 Dungeon Crawl Stone Soup version 0.31.0-12-g77e489cdc1 (webtiles) character file.

Game seed: 10408638913669034569

11853 olmar the Basher (level 11, -4/108 HPs)
             Began as a Naga Warper on Feb 27, 2024.
             Was an Initiate of Gozag.
             Slain by a minotaur
             ... wielding the +10 war axe "Killer Klown's Bane" {freeze, rC+ rN+}
              (38 damage)
             ... in a Gauntlet.
             The game lasted 00:23:00 (12336 turns).

olmar the Basher (Naga Warper)                     Turns: 12336, Time: 00:23:01

Health: -4/108     AC: 12    Str: 17    XL:     11   Next: 84%
Magic:  17/17      EV:  5    Int: 14    God:    Gozag
Gold:   1483       SH:  0    Dex:  9    Spells: 16/18 levels left

rFire   + + +        w - +5 great mace (holy)
rCold   + . .        (shield currently unavailable)
rNeg    . . .        s - +4 chain mail {Will+}
rPois   +            q - +0 hat {Stlth+}
rElec   +            (no cloak)
rCorr   +            (no gloves)
SInv    +            (no barding)
Will    ++...        E - amulet of regeneration Stlth
                     i - ring "Dec Edgh" {rElec rPois rF+}
HPRegen 1.18/turn    a - ring of protection from fire
MPRegen 0.15/turn

%: no teleportation, clarity
@: mighty, brilliant, resistant, hasted, quick
A: AC +3, large, see invisible, deformed body, poison resistance, slowness 2,
spit poison 1, naga tail 1, beak, clarity, clumsy 1, (teleportitis 1), inability
to read after injury 1, MP-powered wands
a: Spit Poison, Renounce Religion, Potion Petition, Call Merchant, Bribe Branch


You were in a Gauntlet.
You worshipped Gozag.
Gozag was most pleased with you.
You visited 2 branches of the dungeon, and saw 12 of its levels.
You also visited: Bailey and Gauntlet.

You collected 2282 gold pieces.
You spent 224 gold pieces at shops.
You paid 575 gold pieces to Gozag.

Inventory:

Hand Weapons
 g - a +1 whip of venom
 l - a +4 morningstar
 w - a +5 great mace of holy wrath (weapon)
Missiles
 d - 5 darts of dispersal
 u - 30 poisoned darts (quivered)
 v - 8 boomerangs
 J - 3 curare-tipped darts
 K - a throwing net
Armour
 b - +0 steam dragon scales
 q - a +0 hat of stealth (worn)
 s - a +4 chain mail of willpower (worn)
 C - the +1 ring mail "Efeheh" {rC+ Str+3 Stlth+}
   (You found it in a bailey)

   Str+3:     It affects your strength (+3).
   rC+:       It protects you from cold.
   Stlth+:    It makes you more stealthy.
 H - a +0 helmet
Jewellery
 a - a ring of protection from fire (right hand)
 f - an amulet of the acrobat
 i - the ring "Dec Edgh" (left hand) {rElec rPois rF+}
   (You found it in a Gauntlet)

   [ring of poison resistance]

   rF+:       It protects you from fire.
   rElec:     It insulates you from electricity.
   rPois:     It protects you from poison
 p - a +6 ring of intelligence
 t - a ring of ice
 y - an amulet of guardian spirit
 D - the ring "Xoenaamidgh" {rPois rF- EV+5 Int+4 SInv}
   (You found it in a bailey)

   [ring of evasion]

   EV+5:      It affects your evasion (+5).
   Int+4:     It affects your intelligence (+4).
   rF-:       It makes you vulnerable to fire.
   rPois:     It protects you from poison SInv: It lets you see invisible.
 E - an amulet of regeneration (around neck)
Wands
 k - a wand of mindburst (1)
 n - a wand of flame (2)
 M - a wand of roots (6)
Scrolls
 c - 2 scrolls of blinking
 e - 3 scrolls of teleportation
 h - 2 scrolls of immolation
 j - 2 scrolls of silence
 G - a scroll of vulnerability
Potions
 m - a potion of attraction {unknown}
 o - 3 potions of mutation
 r - a potion of heal wounds
 x - a potion of resistance
 z - 4 potions of curing
 A - a potion of cancellation {unknown}
 I - a potion of lignification {unknown}
 L - a potion of ambrosia {unknown}


   Skills:
 + Level 9.7 Fighting
 + Level 14.4 Maces & Flails
 - Level 1.0 Throwing
 - Level 2.5 Armour
 - Level 1.9 Dodging
 - Level 1.1 Stealth
 + Level 4.0 Spellcasting
 + Level 5.2 Translocations


You had 16 spell levels left.
You knew the following spells:

 Your Spells              Type           Power      Damage    Failure   Level
a - Blink                 Tloc           52%        N/A       36%         2

Your spell library contained the following spells:

 Spells                   Type           Power      Damage    Failure   Level
 Apportation              Tloc           52%        N/A       26%         1
 Lesser Beckoning         Tloc           52%        N/A       36%         2
 Gell's Gravitas          Tloc           26%        N/A       58%         3
 Teleport Other           Tloc           26%        N/A       58%         3
 Momentum Strike          Conj/Tloc      30%        3d8       73%         2
 Manifold Assault         Tloc           26%        N/A       94%         4
 Jinxbite                 Hex            8%         N/A       97%         2
 Static Discharge         Conj/Air       8%         3-4/arc   97%         2
 Dazzling Flash           Conj/Hex       8%         N/A       99%         3
 Hailstorm                Conj/Ice       4%         3d5       99%         3
 Inner Flame              Hex/Fire       4%         N/A       99%         3
 Mephitic Cloud           Conj/Alch/Air  4%         N/A       99%         3
 Summon Ice Beast         Ice/Summ       4%         N/A       99%         3
 Airstrike                Air            2%         2d(1-17)  100%        4
 Brom's Barrelling Bould  Conj/Erth      4%         2d3       100%        4
 Flame Wave               Conj/Fire      4%         2d5       100%        4
 Sticky Flame             Fire/Alch      4%         2d4       100%        4
 Summon Lightning Spire   Summ/Air       4%         N/A       100%        4
 Vhi's Electric Charge    Tloc/Air       30%        N/A       100%        4
 Alistair's Intoxication  Alch           2%         N/A       100%        5
 Curse of Agony           Necr           4%         N/A       100%        5
 Fireball                 Conj/Fire      2%         3d4       100%        5
 Iskenderun's Battlesphe  Conj           4%         2d6       100%        5
 Silence                  Hex/Air        2%         N/A       100%        5
 Yara's Violent Unravell  Hex/Alch       2%         3d3       100%        5
 Conjure Ball Lightning   Conj/Air       2%         3x3d6     100%        6
 Sculpt Simulacrum        Ice/Alch       2%         N/A       100%        6
 Enfeeble                 Hex            2%         N/A       100%        7
 Orb of Destruction       Conj           2%         9d5       100%        7


Dungeon Overview and Level Annotations

Branches:
Dungeon (11/15)            Temple (1/1) D:4          Bailey (visited)
Gauntlet (1/1)
   Lair: D:8-11         Orc: D:9-12

Altars:
Ashenzari
Cheibriados
Dithmenos
Elyvilon
Fedhas
Gozag
Hepliaklqana
Kikubaaqudgha
Makhleb
Nemelex Xobeh
Okawaru
Qazlal
Ru
Sif Muna
Trog
Uskayaw
Vehumet
Wu Jian
Xom
Yredelemnul
Zin
The Shining One

Shops:
D:1 =   D:2 (   D:6 [   D:8 *

Annotations:
D:3 2 transporters, TheBioAlchemist's ghost, amateur FoFi
D:6 3 runed translucent doors, TheBioAlchemist's ghost, novice SpEn Gauntlet 2 runed translucent doors, 6 transporters


Innate Abilities, Weirdness & Mutations

Your serpentine skin is tough. (AC +3)
You have supernaturally acute eyesight. (SInv)
Armour fits poorly on your strangely shaped body.
Your system is resistant to poisons. (rPois)
You cover ground very slowly.
You can spit poison.
You have a snake-like lower body.
You have a beak for a mouth.
You possess an exceptional clarity of mind.
You are clumsy. (Dex -2)
((You are occasionally teleported next to monsters.))
You occasionally lose the ability to read scrolls when taking damage.
You expend magic power (3 MP) to strengthen your wands.


Message History

[a] - 575 gold - haste, resistance and enlightenment [b] - 378 gold - resistance and might [c] - 486 gold - might, brilliance and haste Purchase which effect?
You feel very mighty all of a sudden.
You feel clever all of a sudden.
You feel yourself speed up.
You hit the minotaur.
The minotaur is lightly wounded.
The minotaur hits you with the +10 war axe "Killer Klown's Bane" {freeze, rC+ rN+}!!
The minotaur gores you.
Unknown command.
You sock the minotaur!
The minotaur is moderately wounded.
The minotaur hits you with the +10 war axe "Killer Klown's Bane" {freeze, rC+ rN+}!
The minotaur freezes you.
The minotaur gores you but does no damage.
You bludgeon the minotaur!!
You peck the minotaur, but do no damage.
The minotaur is severely wounded.
Unknown command.
You barely miss the minotaur.
The minotaur furiously retaliates!
The minotaur headbutts you, but does no damage.
The minotaur is severely wounded.
The minotaur hits you with the +10 war axe "Killer Klown's Bane" {freeze, rC+ rN+}!
The minotaur freezes you. The minotaur gores you.
You are too injured to fight recklessly!
Unknown command.
You hit the minotaur.
The minotaur is severely wounded.
Unknown command.
You sock the minotaur! Your peck misses the minotaur.
The minotaur is almost dead.
The minotaur hits you with the +10 war axe "Killer Klown's Bane" {freeze, rC+ rN+}!!
* * * LOW HITPOINT WARNING * * *
The minotaur gores you but does no damage.
Unknown command.
You feel much better.
The minotaur hits you with the +10 war axe "Killer Klown's Bane" {freeze, rC+ rN+}!!!
You die...
Your body crumbles into a pile of gold.

#≈..#.##..
#####..###..#.#... ...
...##§..#©...©
##.###..###..#.#...
.......##§..#.##..
..#.#..###..#..##. #####
#.#.#....#..#.....
)8:8.8#...#...©#..######
......H@###....#........
}8:8.8#...#....#.∩......
#######.#.#...©#..######
#.....#.#....#..#k...Z
#8.........###..#Z##.#
##.##.###..##≈..##..#.
#..... ...###..#Z##©#
########..##≈..##..#.
######..#[##.#


You could see a minotaur.

Vanquished Creatures
  A cacodemon (Gauntlet)
  A two-headed ogre (D:9)
  A sixfirhy (Gauntlet)
  An arcanist (Gauntlet)
  A deep elf zephyrmancer (Bailey)
  An orc knight (Bailey)
  Maggie (D:7)
  An unseen horror (D:11)
  A kobold demonologist (D:10)
  4 trolls
  3 yaks (D:11)
  A shadow (D:10)
  A vampire (D:11)
  A wraith (D:8)
  A steam dragon (D:8)
  3 neqoxecs (Gauntlet)
  A vampire mosquito (D:10)
  An acid dragon (D:10)
  3 water moccasins
  7 orc warriors
  A sky beast (D:5)
  An ice beast (D:8)
  2 black bears
  4 ogres
  3 centaurs
  A phantom (D:6)
  3 kobold brigands
  A gnoll sergeant (D:9)
  2 bullfrogs
  5 scorpions
  5 wights (D:10)
  4 bombardier beetles
  2 hounds
  2 orc priests
  2 gnoll boudas
  4 jellies
  Ijyb (D:5)
  2 iguanas
  3 sleepcaps
  11 orc wizards
  12 gnolls
  4 adders
  2 shadow imps
  2 white imps (Gauntlet)
  11 ufetubi
  A ribbon worm (D:4)
  A dart slug (D:1)
  47 orcs
  5 ball pythons
  3 endoplasms
  7 goblins
  3 hobgoblins
  2 jackals (D:5)
  4 quokkas
  5 bats
  2 frilled lizards
  14 kobolds
  A rat (D:2)
220 creatures vanquished.

Vanquished Creatures (collateral kills)
  2 trolls (D:11)
  3 yaks (D:11)
  An orc warrior (Bailey)
  A gnoll (D:9)
  An orc (D:11)
8 creatures vanquished.

Vanquished Creatures (others)
  An unseen horror (D:10)
  A troll (D:11)
2 creatures vanquished.

Grand Total: 230 creatures vanquished

Notes
Turn   | Place    | Note
-------+----------+-------------------------------------------
     0 | D:1      | olmar the Naga Warper began the quest for the Orb.
     0 | D:1      | Reached XP level 1. HP: 19/19 MP: 3/3
   287 | D:1      | Found Geplatwa's Jewellery Shop.
   358 | D:1      | Reached XP level 2. HP: 23/26 MP: 5/5
   650 | D:2      | Found a basalt altar of Yredelemnul.
   765 | D:2      | Learned a level 2 spell: Blink
   857 | D:2      | HP: 1/26 [orc priest/nerve-wracking pain (1)]
   860 | D:2      | Reached skill level 1 in Armour
   860 | D:2      | Reached XP level 3. HP: 25/33 MP: 6/6
  1103 | D:2      | Found Emoeries's Antique Weapon Shop.
  1501 | D:3      | Reached XP level 4. HP: 39/40 MP: 7/7
  1642 | D:3      | Found a transporter.
  1645 | D:3      | Noticed TheBioAlchemist's ghost (amateur FoFi)
  1645 | D:3      | Noticed an ogre
  1653 | D:3      | Found a transporter.
  2103 | D:4      | Found an ornate altar of the Wu Jian Council.
  2232 | D:4      | Reached skill level 3 in Maces & Flails
  2232 | D:4      | Reached XP level 5. HP: 34/46 MP: 8/8
  2303 | D:4      | HP: 1/46 [sleepcap (3)]
  2565 | D:4      | Noticed an ogre
  2569 | D:4      | HP: 2/46 [ogre/+0 giant club (30)]
  2576 | D:4      | Killed an ogre
  2577 | D:4      | Reached skill level 1 in Throwing
  2577 | D:4      | Reached skill level 1 in Stealth
  2577 | D:4      | Reached XP level 6. HP: 5/55 MP: 6/9
  3192 | D:4      | Found a staircase to the Ecumenical Temple.
  3200 | Temple   | Entered the Ecumenical Temple
  3223 | Temple   | Became a worshipper of Gozag Ym Sagoz the Greedy
  3524 | D:5      | Entered Level 5 of the Dungeon
  3551 | D:5      | Reached skill level 4 in Maces & Flails
  3966 | D:5      | Reached XP level 7. HP: 62/62 MP: 10/10
  4013 | D:5      | Noticed Ijyb
  4026 | D:5      | Killed Ijyb
  4228 | D:5      | Reached skill level 5 in Maces & Flails
  4484 | D:5      | Reached XP level 8. HP: 72/72 MP: 12/12
  4949 | D:2      | Bought a runed great mace for 180 gold pieces
  5184 | D:6      | Noticed TheBioAlchemist's ghost (novice SpEn)
  5206 | D:6      | Found a runed translucent gate.
  5206 | D:6      | Found a runed translucent gate.
  5207 | D:6      | Found a runed translucent gate.
  5359 | D:6      | Reached skill level 6 in Maces & Flails
  5413 | D:6      | Found Ryofan's Armour Boutique.
  5604 | D:6      | Reached skill level 5 in Fighting
  5769 | D:6      | Reached skill level 7 in Maces & Flails
  6006 | D:6      | Reached skill level 5 in Translocations
  6144 | D:6      | Reached XP level 9. HP: 42/82 MP: 14/14
  6348 | D:6      | Found a snail-covered altar of Cheibriados.
  6413 | D:6      | Found a bloodstained altar of Trog.
  6658 | D:7      | Reached skill level 8 in Maces & Flails
  6699 | D:7      | Found a flagged portal.
  6729 | Bailey   | Entered a bailey
  7146 | Bailey   | Found a large runed translucent door.
  7146 | Bailey   | Found a large runed translucent door.
  7210 | Bailey   | Noticed an orc knight
  7224 | Bailey   | Killed an orc knight
  7225 | Bailey   | Reached skill level 9 in Maces & Flails
  7295 | Bailey   | Noticed a deep elf zephyrmancer
  7402 | Bailey   | Killed a deep elf zephyrmancer
  7403 | Bailey   | Reached skill level 10 in Maces & Flails
  7419 | Bailey   | Identified the +1 ring mail "Efeheh" {rC+ Str+3 Stlth+}
  7421 | Bailey   | Identified the ring "Xoenaamidgh" {rPois rF- EV+5 Int+4
                  | SInv}
  7680 | D:7      | Found a glowing silver altar of Zin.
  7754 | D:7      | Reached XP level 10. HP: 41/92 MP: 15/15
  7791 | D:7      | Noticed Maggie
  8054 | D:7      | Killed Maggie
  8207 | D:7      | Found a glowing golden altar of the Shining One.
  8588 | D:8      | Reached skill level 11 in Maces & Flails
  9178 | D:8      | Found Zuiduex's General Store.
  9236 | D:8      | Bought a scroll of vulnerability for 44 gold pieces
  9764 | D:9      | Noticed a two-headed ogre
 10407 | D:9      | Killed a two-headed ogre
 10408 | D:9      | Reached skill level 12 in Maces & Flails
 10681 | D:10     | Entered Level 10 of the Dungeon
 10858 | D:10     | Noticed an unseen horror
 10940 | D:10     | Reached XP level 11. HP: 100/103 MP: 16/16
 11066 | D:10     | Reached skill level 13 in Maces & Flails
 11234 | D:10     | Identified the +0 chain mail of Yesterday {Dex+3}
 11466 | D:10     | Identified the +1 flail "Nuof" {venom, rC+}
 11754 | D:11     | Found an iron altar of Okawaru.
 11888 | D:11     | Gained mutation: You possess an exceptional clarity of
                  | mind. [potion of mutation]
 11888 | D:11     | Gained mutation: You have hidden genetic defects. [potion
                  | of mutation]
 11888 | D:11     | Gained mutation: You have a pair of small horns on your
                  | head. [potion of mutation]
 11889 | D:11     | Lost mutation: You have hidden genetic defects. [potion of
                  | mutation]
 11889 | D:11     | Lost mutation: You have a pair of small horns on your head.
                  | [potion of mutation]
 11889 | D:11     | Gained mutation: You occasionally lose the ability to read
                  | scrolls when taking damage. [potion of mutation]
 11920 | D:11     | Found a gate leading to a gauntlet.
 11937 | Gauntlet | Entered a Gauntlet
 11937 | Gauntlet | Noticed an arcanist
 11937 | Gauntlet | Found a runed translucent door.
 11937 | Gauntlet | Found a transporter.
 11937 | Gauntlet | Found a transporter.
 11937 | Gauntlet | Found a runed translucent door.
 11947 | Gauntlet | Found a transporter.
 11950 | Gauntlet | Found a transporter.
 11958 | Gauntlet | Found a transporter.
 11961 | Gauntlet | Found a transporter.
 11965 | Gauntlet | Noticed a death drake
 11969 | Gauntlet | Found a transporter.
 11983 | Gauntlet | Noticed a cacodemon
 11987 | Gauntlet | Found a transporter.
 12004 | Gauntlet | Found a transporter.
 12007 | Gauntlet | Found a transporter.
 12012 | Gauntlet | Noticed a sixfirhy
 12017 | Gauntlet | Found a transporter.
 12020 | Gauntlet | Found a transporter.
 12125 | Gauntlet | Killed an arcanist
 12165 | Gauntlet | Killed a sixfirhy
 12166 | Gauntlet | Reached skill level 14 in Maces & Flails
 12205 | Gauntlet | Gained mutation: You have a beak for a mouth. [a neqoxec]
 12208 | Gauntlet | Killed a cacodemon
 12211 | Gauntlet | Gained mutation: You are occasionally teleported next to
                  | monsters. [a neqoxec]
 12217 | Gauntlet | Gained mutation: You expend magic power (3 MP) to
                  | strengthen your wands. [a neqoxec]
 12219 | Gauntlet | Gained mutation: You are clumsy. (Dex -2) [a neqoxec]
 12237 | Gauntlet | Identified the ring "Dec Edgh" {rElec rPois rF+}
 12328 | Gauntlet | Identified the +10 war axe "Killer Klown's Bane" {freeze,
                  | rC+ rN+}
 12328 | Gauntlet | Noticed a minotaur
 12336 | Gauntlet | Slain by a minotaur

Illustrated notes

Levels and vault maps discovered:
D:1:      erik_arrival_triangle_small, layout_basic, serial_shops, shop
D:2:      cheibrodos_pilgrimage, layout_basic, serial_shops,
          nicolae_shop_temple_entry_statues_fountains, basic_altar,
          corner_web_ring
D:3:      layout_basic, gammafunk_ghost_smash
D:4:      layout_loops_corners, kennysheep_mini, temple_statues, abandoned_shop,
          serial_bayou_pond_e, serial_bayou_lagoon_b
D:5:      layout_loops_ring, uniq_ijyb
D:6:      layout_gridville, chei_slow_surprise, trog_hazing_becter,
          serial_shops, shop, gammafunk_ghost_split, grunt_tough_drop
D:7:      layout_loops_ring, mainiacjoe_overflow_swirl, enter_bailey_5,
          uniq_maggie
D:8:      layout_basic, serial_shops, nicolae_shop_advertising_works
          [nicolae_subvault_shop_adworks]
D:9:      layout_loops_ring
D:10:     layout_cave_pools, st_stairs_10
D:11:     layout_irregular_city, due_lair_maze_entry_diamond,
          kennysheep_orc_monster_closet_entryway, gauntlet_entry_generic,
          okawaru_trees_2
Temple:   bh_familiar_temple
Gauntlet: minmay_gauntlet_mixed_big_or_small
          [gammafunk_gauntlet_arena_arrow_garden,
          minmay_gauntlet_arena_77_shame_cube, nicolae_gauntlet_swirl,
          minmay_gauntlet_arena_77_two_lines,
          gammafunk_gauntlet_arena_split_diamond,
          minmay_gauntlet_arena_77_braids,
          nicolae_gauntlet_exit_dead_adventurers]

Skill      XL: |  1  2  3  4  5  6  7  8  9 10 11 |
---------------+----------------------------------+-----
Armour         | 1 2 |  2.5
Maces & Flails | 3 4 5 7 10 12 14 | 14.4
Throwing       | 1 |  1.0
Stealth        | 1 |  1.1
Fighting       | 3 4 5 6 8 9 |  9.7
Translocations | 4 5 |  5.2
Spellcasting   | 3 4 |  4.0
Dodging        | |  1.9

Action                     |  1- 3 |  4- 6 |  7- 9 | 10-12 || total
---------------------------+-------+-------+-------+-------++-------
  Melee: Whip              |    25 |    85 |   165 |       ||   275
         Mace              |     1 |       |       |       ||     1
         Punch             |       |     1 |     2 |       ||     3
         Great mace        |       |       |   130 |   318 ||   448
         Peck              |       |       |       |     6 ||     6
  Throw: Dart              |       |     4 |    19 |    28 ||    51
         Throwing net      |       |       |       |     1 ||     1
   Cast: Blink             |       |     5 |       |     2 ||     7
 Invoke: Potion Petition   |       |       |       |     1 ||     1
Ability: Spit Poison       |    16 |    22 |    21 |    10 ||    69
  Evoke: Wand              |       |     7 |    12 |    35 ||    54
    Use: Potion            |     1 |       |     1 |     9 ||    11
         Scroll            |       |     3 |     5 |    11 ||    19
   Stab: Distracted        |       |       |     1 |     2 ||     3
 Armour: Leather armour    |    18 |    51 |    75 |       ||   144
         Chain mail        |       |       |   260 |   385 ||   645
  Dodge: Dodged            |    18 |    39 |   157 |    96 ||   310
